General information
			
			
        
        - name: BNet
 
        - type: Ladder 1vs1/FFA
 
        - host: Battle.net
 
        - saver: VELOX_NEB
 
        
map: TwistedMeadows 
        - players: 2
 
        - length: 22:42
 
        - speed: Fast
 - version: 1.22 W3XP
 - replay type:  Public
 
» download(77 KB)
Players
        team 1 (loser) 
              
              
ISAYUBAD (
yellow | 98 APM | 2211 actions | 22:37)
              
 4 Archmage 
 2 Summon Water Elemental
 2 Brilliance Aura
 3 Mountain King 
 2 Storm Bolt
 1 Thunder Clap
 
                » actions 
                
                | Assign group hotkey | 82 |  | 
| Basic commands | 10 |  | 
| Build / train | 98 |  | 
| Enter build submenu | 22 |  | 
| Enter hero's abilities submenu | 7 |  | 
| Give item / drop item | 4 |  | 
| Remove unit from queue | 5 |  | 
| Right click | 1112 |  | 
| Select / deselect | 414 |  | 
| Select group hotkey | 366 |  | 
| Use ability | 91 |  | 
                2211 total
 » units 
                
                | Peasant | 38 |  | 
| Footman | 5 |  | 
| Rifleman | 3 |  | 
| Priest | 4 |  | 
| Sorceress | 3 |  | 
| Spell Breaker | 1 |  | 
| Mortar Team | 3 |  | 
                57 total
 » upgrades
                
                | Long Rifles | 1 |  | 
| Lumber Harvesting | 1 |  | 
| Backpack | 0 |  | 
| Masonry | 2 |  | 
| Priest Training | 1 |  | 
                5 total
 » buildings
                
                | Altar of Kings | 1 |  | 
| Barracks | 1 |  | 
| Farm | 7 |  | 
| Scout Tower | 4 |  | 
| Arcane Tower | 2 |  | 
| Keep | 1 |  | 
| Arcane Vault | 1 |  | 
| Lumber Mill | 1 |  | 
| Blacksmith | 1 |  | 
| Guard Tower | 3 |  | 
| Arcane Sanctum | 1 |  | 
| Workshop | 1 |  | 
                24 total
 » build order
                00:04 Altar of Kings
00:21 Barracks
00:35 Farm
01:04 Farm
01:37 Scout Tower
02:01 Farm
02:22 Arcane Tower
04:03 Scout Tower
04:35 Arcane Tower
05:51 Farm
07:18 Keep
07:28 Arcane Vault
07:34 Lumber Mill
09:08 Blacksmith
11:04 Farm
11:08 Scout Tower
12:16 Guard Tower
12:19 Arcane Sanctum
15:50 Scout Tower
16:02 Farm
16:39 Guard Tower
18:18 Farm
18:44 Workshop
19:04 Guard Tower
» items
                
                | Potion of Mana | 1 |  | 
| Scroll of Regeneration | 3 |  | 
| Potion of Lesser Invulnerability | 1 |  | 
| Scroll of Healing | 1 |  | 
| Scroll of Town Portal | 2 |  | 
| Scroll of Protection | 1 |  | 
| Ivory Tower | 5 |  | 
| Potion of Healing | 2 |  | 
                16 total
  
               team 2 (winner) 
              
              
VELOX_NEB (
teal | 68 APM | 1535 actions | 22:42)
              
 8 Demon Hunter 
 3 Immolation
 3 Evasion
 1 Metamorphosis
 1 Mana Burn
 
                » actions 
                
                | Assign group hotkey | 34 |  | 
| Basic commands | 139 |  | 
| Build / train | 93 |  | 
| ESC pressed | 4 |  | 
| Enter build submenu | 19 |  | 
| Enter hero's abilities submenu | 8 |  | 
| Give item / drop item | 3 |  | 
| Right click | 642 |  | 
| Select / deselect | 412 |  | 
| Select group hotkey | 104 |  | 
| Use ability | 77 |  | 
                1535 total
 » units 
                
                | Wisp | 29 |  | 
| Archer | 3 |  | 
| Huntress | 10 |  | 
| Druid of the Claw | 17 |  | 
                59 total
 » upgrades
                
                | Upgrade Moon Glaive | 1 |  | 
| Druid of the Claw Training | 2 |  | 
| Strength of the Wild | 2 |  | 
| Reinforced Hides | 1 |  | 
| Ultravision | 1 |  | 
| Well Spring | 1 |  | 
                8 total
 » buildings
                
                | Altar of Elders | 1 |  | 
| Moon Well | 7 |  | 
| Ancient of War | 2 |  | 
| Tree of Ages | 1 |  | 
| Ancient of Wonders | 1 |  | 
| Hunter's Hall | 1 |  | 
| Tree of Life | 2 |  | 
| Tree of Eternity | 1 |  | 
| Ancient of Lore | 2 |  | 
                18 total
 » build order
                00:10 Altar of Elders
00:20 Moon Well
00:41 Ancient of War
01:42 Moon Well
03:12 Tree of Ages
04:00 Ancient of Wonders
04:02 Hunter's Hall
04:35 Ancient of War
04:45 Moon Well
06:07 Moon Well
07:17 Moon Well
08:13 Tree of Life
08:54 Tree of Life
11:18 Tree of Eternity
11:40 Moon Well
12:43 Moon Well
13:59 Ancient of Lore
14:03 Ancient of Lore
» items
                
                | Boots of Speed | 1 |  | 
| Staff of Teleportation | 1 |  | 
| Potion of Healing | 4 |  | 
| Potion of Mana | 2 |  | 
| Moonstone | 2 |  | 
| Lesser Clarity Potion | 3 |  | 
| Staff of Preservation | 1 |  | 
| Potion of Lesser Invulnerability | 1 |  | 
                15 total
  
                Chat log
          
(09:05 / All) VELOX_NEB: damn
(09:07 / All) VELOX_NEB: ownage
(13:18 / All) VELOX_NEB: ANY BRAKES ON THIS RAPE TRAIN?
(20:03 / All) VELOX_NEB: DAMN
(20:06 / All) VELOX_NEB: I FEEL BAD
(22:36 / All) ISAYUBAD: YOU'RE SO GOOD AT THIS GAME
(22:37 / All) ISAYUBAD: WOW